 Dungeon Crawl Stone Soup version 0.28-a0-1616-g050a50673c (webtiles) character file.

Game seed: 12615393154521143977

80 issech the Cudgeller (level 4, 44/44 HPs)
             Began as a Troll Berserker on Jan 22, 2022.
             Was a Believer of Trog.
             Quit the game on level 3 of the Dungeon.
             The game lasted 00:07:03 (1494 turns).

issech the Cudgeller (Troll Berserker)              Turns: 1494, Time: 00:07:04

Health: 44/44      AC:  5    Str: 25    XL:     4   Next: 18%
Magic:  3/3        EV: 10    Int:  3    God:    Trog [**....]
Gold:   133        SH:  0    Dex: 11    Spells: 3/3 levels left

rFire   + . .      SeeInvis .     - Unarmed
rCold   . . .      Faith    .   (no shield)
rNeg    . . .      Spirit   .   b - +0 animal skin
rPois   .          Reflect  .   (helmet restricted)
rElec   .          Harm     .   q - +0 cloak
rCorr   .          Rampage  .   (gloves unavailable)
Will    .....                   (boots unavailable)
Stlth   +.........              (no amulet)
HPRegen 0.94/turn               l - ring of protection from fire
MPRegen 0.08/turn               (no ring)

@: no status effects
A: large, unfitting armour, claws 3, regeneration 1, shaggy fur 1, tough skin 1
a: Renounce Religion, Berserk, Trog's Hand


You were on level 3 of the Dungeon.
You worshipped Trog.
Trog was pleased with you.
You visited 1 branch of the dungeon, and saw 3 of its levels.

You collected 133 gold pieces.

Inventory:

Hand Weapons
 a - a +0 mace
 c - a +0 dagger of speed
 i - a +0 hunting sling
 o - the +6 dagger "Agonn" {vorpal, rF+ Will+++ Int-4}
   (You found it on level 2 of the Dungeon)

   It inflicts extra damage upon your enemies.
   Int:       It affects your intelligence (-4).
   rF:        It protects you from fire.
   Will:      It greatly increases your willpower.
Missiles
 e - 66 stones (quivered)
 g - 12 arrows
Armour
 b - a +0 animal skin (worn)
 q - a +0 cloak (worn)
Jewellery
 l - a ring of protection from fire (left claw)
Scrolls
 f - a scroll of fog {unknown}
 h - a scroll of blinking {unknown}
 m - a scroll of teleportation {unknown}
 p - a scroll of enchant armour {unknown}
Potions
 d - a potion of attraction {unknown}
 j - a potion of haste {unknown}
 k - a potion of magic {unknown}
 n - a potion of degeneration {unknown}


   Skills:
 + Level 2.9 Fighting
 + Level 3.5 Maces & Flails
 + Level 2.9 Dodging
 + Level 1.3 Unarmed Combat


You had 3 spell levels left.
You didn't know any spells.
Your spell library contained the following spells:

 Spells                   Type           Power      Damage    Failure   Level
 Sting                    Tmut/Pois      0%         1d3       52%         1
 Poisonous Vapours        Pois/Air       0%         N/A       67%         2
 Scorch                   Fire           0%         2d5       67%         2
 Flame Wave               Conj/Fire      0%         2d4       99%         4
 Olgreb's Toxic Radiance  Pois           0%         N/A       99%         4
 Summon Cactus Giant      Summ           0%         N/A       100%        6


Dungeon Overview and Level Annotations

Branches:
Dungeon (3/15)

Altars:
Cheibriados


Innate Abilities, Weirdness & Mutations

You are too large for most types of armour.
You have claws for hands.
Your natural rate of healing is unusually fast.
You are covered in fur. (AC +1)
You have tough skin. (AC +1)


Message History

The kobold throws a stone.
The stone misses you.
A hobgoblin comes into view.
The hobgoblin shouts!
The kobold barely misses you. x2
You hit the kobold.
You kill the kobold!
Trog accepts your kill. The giant cockroach bites you.
The giant cockroach barely misses you.
You hit the hobgoblin.
You kill the hobgoblin!
Trog accepts your kill. The giant cockroach barely misses you.
The giant cockroach closely misses you.
The giant cockroach completely misses you.
Things that are here:
a +0 club; 19 stones You hit the giant cockroach.
You kill the giant cockroach!
Trog accepts your kill.
You see here a giant cockroach corpse.
e - 66 stones (gained 19)
You see here a +0 club.
p - a scroll labelled DAUVEDWIRCH
Found a snail-covered altar of Cheibriados.
Found a cloak.
You see here a +0 cloak.
q - a +0 cloak You start putting on your armour.
You continue putting on your +0 cloak. x4
You finish putting on your +0 cloak.
You cannot read scrolls in your current state!
You are now empty-clawed.
You cannot read scrolls in your current state!
You start waiting.
Your intelligence has recovered.
You feel yourself speed up.
You start waiting.
Done waiting.
You start waiting.
Done waiting.
Unknown command.
Are you sure you want to abandon this character and quit the game? (Confirm with "yes".)

.# #.# .# #.# .# #.# .#
#.######
.#####......############
.......####............#
.####### #.####.####..#
.# #.##.....## .#
..#...@...# .#
#..#.......# .#
........._.....# .#
#.##.#.......#.# .#
....#.......#.# #.#.
##.....## # # ###.###
... ....


There were no monsters in sight!

Vanquished Creatures
  2 adders (D:2)
  5 endoplasms
  5 giant cockroaches
  5 goblins
  3 hobgoblins
  4 jackals (D:1)
  12 kobolds
  2 quokkas (D:2)
  5 ball pythons
  3 bats
  3 frilled lizards (D:2)
  6 rats
55 creatures vanquished.

Notes
Turn   | Place    | Note
-------+----------+-------------------------------------------
     0 | D:1      | issech the Troll Berserker began the quest for the Orb.
     0 | D:1      | Reached XP level 1. HP: 22/22 MP: 0/0
    80 | D:1      | Reached skill level 3 in Maces & Flails
   106 | D:1      | Reached XP level 2. HP: 29/29 MP: 1/1
   298 | D:1      | Found a faded altar of an unknown god.
   520 | D:1      | Reached XP level 3. HP: 36/36 MP: 2/2
   695 | D:2      | Reached ** piety under Trog
   909 | D:2      | Reached skill level 1 in Unarmed Combat
   911 | D:2      | Reached XP level 4. HP: 44/44 MP: 3/3
  1046 | D:2      | Identified the +6 dagger "Agonn" {vorpal, rF+ Will+++
                  | Int-4}
  1048 | D:2      | Lost intelligence.
  1254 | D:3      | Found a snail-covered altar of Cheibriados.
  1494 | D:3      | Quit the game

Illustrated notes

Levels and vault maps discovered:
D:1:      erik_arrival_blinker_ship, layout_rooms,
          ebering_ecumenical_altar_abandoned
D:2:      minmay_recursive_quarters, layout_basic
D:3:      layout_loops_cross, good_gods_temple_1, old_standard_altar,
          jmf_multi_god_temple2, serial_shops, shop, shop_statue,
          nicolae_shop_hallway_plus

Skill      XL: |  1  2  3 |
---------------+----------+-----
Maces & Flails | 3 |  3.5
Unarmed Combat | 1 |  1.3
Fighting       | |  2.9
Dodging        | |  2.9

Action                   |  1- 3 |  4- 6 || total
-------------------------+-------+-------++-------
Melee: Unarmed           |   115 |     8 ||   123
       Mace              |     5 |       ||     5
       Punch             |     2 |       ||     2
       Dagger            |       |     4 ||     4
 Stab: Sleeping          |       |     1 ||     1
Armor: Animal skin       |    71 |     1 ||    72
Dodge: Dodged            |   109 |    11 ||   120

Table legend: (Time is in decaauts)
 A = Elapsed time spent in this place.
 B = Non-inter-level travel time spent in this place.
 C = Inter-level travel time spent in this place.
 D = Time resting spent in this place.
 E = Time spent auto-exploring this place.
 F = Levels seen in this place.
 G = Mean time per level.
                   A        B        C        D        E       F      G
               +--------+--------+--------+--------+--------+-----+--------+
         Total |   1611 |   1611 |      0 |    224 |    624 |   3 |  537.0 |
       Dungeon |   1611 |   1611 |      0 |    224 |    624 |   3 |  537.0 |
               +--------+--------+--------+--------+--------+-----+--------+

Top non-repeatable levels by time:
     D:2: 765 daAuts
     D:1: 535 daAuts
     D:3: 310 daAuts
